General information
- name: BNet
- type: Ladder team game (AT/RT)
- host: Battle.net
- saver: powPowPOW
map: GolemsInTheMist_LV
- players: 8
- length: 43:55
- speed: Fast
- version: 1.29 W3XP
- replay type: Public
» download(402 KB)
Players
team 1 (loser)

»
soowoo (
red | 88 APM | 3405 actions | 38:54)
4 Keeper of the Grove
2 Entangling Roots
2 Thorns Aura
3 Priestess of the Moon
2 Trueshot Aura
1 Searing Arrows
» actions
| Assign group hotkey | 291 | |
| Basic commands | 31 | |
| Build / train | 58 | |
| ESC pressed | 5 | |
| Enter build submenu | 20 | |
| Enter hero's abilities submenu | 7 | |
| Right click | 1854 | |
| Select / deselect | 263 | |
| Select group hotkey | 790 | |
| Use ability | 86 | |
3405 total
» units
| Wisp | 11 | |
| Huntress | 5 | |
| Dryad | 7 | |
| Goblin Sapper | 1 | |
| Mountain Giant | 2 | |
26 total
» upgrades
| Abolish Magic | 1 | |
| Reinforced Hides | 1 | |
| Strength of the Wild | 1 | |
3 total
» buildings
| Altar of Elders | 1 | |
| Moon Well | 5 | |
| Hunter's Hall | 1 | |
| Ancient of War | 2 | |
| Ancient of Wonders | 2 | |
| Tree of Ages | 2 | |
| Ancient of Lore | 2 | |
| Tree of Life | 1 | |
16 total
» build order
00:10 Altar of Elders
00:16 Moon Well
01:32 Hunter's Hall
01:42 Ancient of War
02:13 Ancient of War
02:29 Moon Well
03:03 Ancient of Wonders
04:17 Moon Well
04:53 Ancient of Wonders
05:23 Tree of Ages
05:23 Tree of Ages
06:27 Moon Well
07:46 Ancient of Lore
07:47 Ancient of Lore
11:24 Moon Well
14:39 Tree of Life
» items
| Lesser Clarity Potion | 5 | |
| Dust of Appearance | 1 | |
| Moonstone | 1 | |
| Scroll of Town Portal | 1 | |
| Staff of Preservation | 2 | |
| Potion of Healing | 2 | |
| Potion of Mana | 1 | |
13 total
MARTIAL-LAW69 (
purple | 50 APM | 2195 actions | 43:54)
8 Blademaster
3 Wind Walk
3 Critical Strike
1 Bladestorm
1 Mirror Image
» actions
| Assign group hotkey | 32 | |
| Basic commands | 264 | |
| Build / train | 62 | |
| Enter build submenu | 51 | |
| Enter hero's abilities submenu | 8 | |
| Give item / drop item | 6 | |
| Right click | 726 | |
| Select / deselect | 383 | |
| Select group hotkey | 538 | |
| Use ability | 125 | |
2195 total
» units
| Peon | 15 | |
| Grunt | 4 | |
| Goblin Shredder | 1 | |
| Wind Rider | 11 | |
| Goblin Zeppelin | 1 | |
| Goblin Sapper | 6 | |
38 total
» upgrades
| Reinforced Defenses | 1 | |
| Ranged Weapons | 3 | |
| Armor | 3 | |
| Envenomed Spears | 1 | |
8 total
» buildings
| Orc Burrow | 6 | |
| Altar of Storms | 1 | |
| Barracks | 1 | |
| Voodoo Lounge | 2 | |
| Stronghold | 1 | |
| War Mill | 2 | |
| Fortress | 1 | |
| Great Hall | 3 | |
| Watch Tower | 39 | |
| Beastiary | 5 | |
61 total
» build order
00:12 Orc Burrow
00:38 Orc Burrow
01:02 Altar of Storms
01:03 Barracks
01:11 Orc Burrow
01:13 Orc Burrow
01:38 Voodoo Lounge
03:09 Stronghold
03:53 Orc Burrow
04:04 War Mill
05:50 Fortress
06:27 Great Hall
07:08 Orc Burrow
07:43 Watch Tower
07:44 Watch Tower
07:45 Watch Tower
07:47 Watch Tower
11:15 War Mill
11:38 Great Hall
11:41 Watch Tower
11:42 Watch Tower
11:42 Watch Tower
11:43 Watch Tower
11:44 Watch Tower
11:44 Watch Tower
11:46 Watch Tower
11:47 Watch Tower
11:51 Voodoo Lounge
11:53 Watch Tower
11:54 Watch Tower
11:55 Watch Tower
12:03 Watch Tower
12:03 Watch Tower
12:03 Watch Tower
12:04 Watch Tower
12:04 Watch Tower
13:44 Great Hall
13:55 Beastiary
13:55 Beastiary
13:56 Beastiary
13:57 Beastiary
13:58 Beastiary
15:08 Watch Tower
15:09 Watch Tower
15:10 Watch Tower
15:11 Watch Tower
15:12 Watch Tower
15:13 Watch Tower
15:14 Watch Tower
15:15 Watch Tower
15:16 Watch Tower
15:16 Watch Tower
15:22 Watch Tower
15:23 Watch Tower
15:27 Watch Tower
15:28 Watch Tower
18:26 Watch Tower
18:28 Watch Tower
18:30 Watch Tower
18:32 Watch Tower
18:33 Watch Tower
» items
| Staff of Teleportation | 1 | |
| Periapt of Vitality | 2 | |
| Orb of Lightning | 1 | |
| Scroll of Town Portal | 1 | |
5 total

»
Talus_MaGeWyRm (
blue | 115 APM | 5043 actions | 43:54)
4 Death Knight
2 Death Coil
2 Unholy Aura
3 Lich
1 Frost Nova
1 Dark Ritual
1 Frost Armor
2 Dreadlord
1 Sleep
1 Carrion Swarm
» actions
| Assign group hotkey | 36 | |
| Basic commands | 101 | |
| Build / train | 60 | |
| ESC pressed | 6 | |
| Enter build submenu | 27 | |
| Enter hero's abilities submenu | 10 | |
| Give item / drop item | 2 | |
| Right click | 2120 | |
| Select / deselect | 1135 | |
| Select group hotkey | 1447 | |
| Use ability | 99 | |
5043 total
» units
| Acolyte | 6 | |
| Ghoul | 3 | |
| Crypt Fiend | 13 | |
| Abomination | 5 | |
| Goblin Zeppelin | 2 | |
29 total
» upgrades
| Creature Attack | 2 | |
| Creature Carapace | 1 | |
| Web | 1 | |
| Disease Cloud | 1 | |
| Unholy Armor | 1 | |
| Unholy Strength | 1 | |
| Cannibalize | 1 | |
| Masonry | 1 | |
9 total
» buildings
| Graveyard | 1 | |
| Crypt | 1 | |
| Altar of Darkness | 1 | |
| Ziggurat | 7 | |
| Tomb of Relics | 1 | |
| Nerubian Tower | 2 | |
| Halls of the Dead | 1 | |
| Spirit Tower | 2 | |
| Slaughterhouse | 1 | |
| Black Citadel | 2 | |
19 total
» build order
00:05 Graveyard
00:15 Crypt
00:46 Altar of Darkness
01:01 Ziggurat
01:36 Ziggurat
02:28 Tomb of Relics
03:09 Nerubian Tower
03:43 Ziggurat
04:55 Halls of the Dead
05:24 Nerubian Tower
06:40 Ziggurat
06:42 Spirit Tower
08:59 Slaughterhouse
09:58 Black Citadel
09:58 Black Citadel
10:59 Ziggurat
11:01 Spirit Tower
15:32 Ziggurat
18:23 Ziggurat
» items
| Potion of Mana | 1 | |
| Rod of Necromancy | 1 | |
| Orb of Corruption | 1 | |
3 total
peondadon (
yellow | 44 APM | 1139 actions | 25:48)
4 Archmage
1 Summon Water Elemental
2 Brilliance Aura
1 Blizzard
3 Blood Mage
2 Flame Strike
1 Siphon Mana
» actions
| Assign group hotkey | 91 | |
| Basic commands | 1 | |
| Build / train | 63 | |
| Enter build submenu | 24 | |
| Enter hero's abilities submenu | 7 | |
| Right click | 434 | |
| Select / deselect | 227 | |
| Select group hotkey | 211 | |
| Use ability | 81 | |
1139 total
» units
| Peasant | 11 | |
| Footman | 3 | |
| Rifleman | 11 | |
| Mortar Team | 6 | |
| Sorceress | 6 | |
37 total
» upgrades
| Long Rifles | 1 | |
| Sorceress Training | 1 | |
| Fragmentation Shards | 1 | |
| Flare | 1 | |
4 total
» buildings
| Farm | 13 | |
| Altar of Kings | 1 | |
| Lumber Mill | 1 | |
| Barracks | 1 | |
| Blacksmith | 1 | |
| Arcane Vault | 1 | |
| Scout Tower | 1 | |
| Keep | 1 | |
| Town Hall | 3 | |
| Castle | 1 | |
| Workshop | 1 | |
| Arcane Sanctum | 1 | |
| Arcane Tower | 1 | |
27 total
» build order
00:10 Farm
00:16 Altar of Kings
00:53 Farm
01:27 Lumber Mill
01:34 Farm
01:59 Barracks
02:08 Blacksmith
02:38 Arcane Vault
03:00 Scout Tower
03:58 Farm
05:23 Farm
05:25 Keep
06:24 Farm
07:00 Town Hall
07:06 Farm
09:07 Farm
10:28 Castle
10:35 Workshop
11:23 Arcane Sanctum
13:31 Farm
15:47 Farm
18:28 Farm
18:37 Farm
18:51 Farm
19:11 Arcane Tower
21:30 Town Hall
22:02 Town Hall
» items
| Scroll of Regeneration | 4 | |
| Lesser Clarity Potion | 1 | |
| Rod of Necromancy | 1 | |
| Potion of Healing | 2 | |
| Scroll of Town Portal | 2 | |
10 total
team 2 (winner)
Cheddar-Ruffles (
orange | 101 APM | 1302 actions | 12:51)
3 Death Knight
2 Death Coil
1 Unholy Aura
2 Lich
1 Frost Nova
1 Dark Ritual
» actions
| Assign group hotkey | 30 | |
| Basic commands | 1 | |
| Build / train | 32 | |
| Enter build submenu | 13 | |
| Enter hero's abilities submenu | 5 | |
| Right click | 611 | |
| Select / deselect | 150 | |
| Select group hotkey | 393 | |
| Use ability | 67 | |
1302 total
» units
| Acolyte | 2 | |
| Ghoul | 3 | |
| Crypt Fiend | 6 | |
| Obsidian Statue | 3 | |
14 total
» upgrades
| Destroyer Form | 1 | |
| Creature Attack | 1 | |
2 total
» buildings
| Crypt | 2 | |
| Graveyard | 1 | |
| Ziggurat | 6 | |
| Altar of Darkness | 1 | |
| Tomb of Relics | 1 | |
| Halls of the Dead | 2 | |
| Slaughterhouse | 2 | |
| Black Citadel | 1 | |
16 total
» build order
00:07 Crypt
00:10 Crypt
00:11 Graveyard
00:39 Ziggurat
00:59 Altar of Darkness
01:40 Tomb of Relics
02:13 Halls of the Dead
02:13 Halls of the Dead
02:55 Ziggurat
04:10 Ziggurat
04:13 Ziggurat
04:56 Slaughterhouse
06:37 Black Citadel
07:56 Ziggurat
09:05 Slaughterhouse
09:08 Ziggurat
» items
| Rod of Necromancy | 4 | |
| Scroll of Town Portal | 1 | |
| Potion of Healing | 1 | |
6 total
lordfire99 (
green | 102 APM | 1313 actions | 12:55)
3 Paladin
1 Holy Light
2 Devotion Aura
» actions
| Assign group hotkey | 33 | |
| Basic commands | 80 | |
| Build / train | 58 | |
| ESC pressed | 2 | |
| Enter build submenu | 20 | |
| Enter hero's abilities submenu | 3 | |
| Right click | 355 | |
| Select / deselect | 237 | |
| Select group hotkey | 437 | |
| Use ability | 88 | |
1313 total
» units
| Peasant | 12 | |
| Footman | 4 | |
| Rifleman | 9 | |
| Goblin Shredder | 3 | |
| Goblin Zeppelin | 2 | |
30 total
» upgrades
| Defend | 1 | |
| Gunpowder | 1 | |
| Armor | 1 | |
| Masonry | 1 | |
4 total
» buildings
| Barracks | 3 | |
| Farm | 7 | |
| Altar of Kings | 1 | |
| Arcane Vault | 1 | |
| Scout Tower | 11 | |
| Arcane Tower | 4 | |
| Blacksmith | 1 | |
| Town Hall | 1 | |
| Lumber Mill | 1 | |
| Guard Tower | 4 | |
| Keep | 1 | |
35 total
» build order
00:26 Barracks
00:36 Farm
00:51 Altar of Kings
01:13 Farm
01:50 Arcane Vault
01:57 Farm
03:05 Scout Tower
03:12 Scout Tower
03:34 Arcane Tower
03:34 Arcane Tower
03:52 Arcane Tower
04:03 Blacksmith
04:09 Barracks
04:34 Farm
05:46 Town Hall
05:47 Scout Tower
05:48 Scout Tower
05:48 Scout Tower
05:48 Scout Tower
05:49 Scout Tower
06:35 Arcane Tower
07:01 Lumber Mill
07:26 Guard Tower
07:27 Guard Tower
07:27 Guard Tower
08:18 Farm
08:19 Farm
09:50 Keep
09:55 Guard Tower
10:10 Scout Tower
10:11 Scout Tower
10:12 Scout Tower
10:12 Scout Tower
10:25 Barracks
10:28 Farm
» items
| Lesser Clarity Potion | 4 | |
| Scroll of Regeneration | 1 | |
| Rod of Necromancy | 2 | |
7 total
powPowPOW (
pink | 90 APM | 3939 actions | 43:55)
6 Blademaster
3 Wind Walk
2 Critical Strike
1 Bladestorm
3 Shadow Hunter
1 Healing Wave
2 Hex
» actions
| Assign group hotkey | 74 | |
| Basic commands | 217 | |
| Build / train | 139 | |
| ESC pressed | 11 | |
| Enter build submenu | 78 | |
| Enter hero's abilities submenu | 9 | |
| Give item / drop item | 9 | |
| Remove unit from queue | 2 | |
| Right click | 1377 | |
| Select / deselect | 697 | |
| Select group hotkey | 1024 | |
| Use ability | 302 | |
3939 total
» units
| Peon | 19 | |
| Grunt | 4 | |
| Goblin Shredder | 2 | |
| Goblin Zeppelin | 7 | |
| Kodo Beast | 1 | |
| Rifleman | 7 | |
| Goblin Sapper | 2 | |
| Wind Rider | 5 | |
47 total
» upgrades
| Berserker Strength | 1 | |
| Pillage | 1 | |
| Armor | 4 | |
| Reinforced Defenses | 1 | |
| Ranged Weapons | 3 | |
| Envenomed Spears | 1 | |
| Berserker Upgrade | 1 | |
| War Drums Damage Increase | 1 | |
| Gunpowder | 2 | |
| Masonry | 2 | |
| Long Rifles | 1 | |
| Spiked Barricades | 1 | |
| Melee Weapons | 1 | |
| Liquid Fire | 1 | |
| Ensnare | 1 | |
22 total
» buildings
| Orc Burrow | 9 | |
| Altar of Storms | 2 | |
| Barracks | 1 | |
| Voodoo Lounge | 2 | |
| Stronghold | 5 | |
| War Mill | 2 | |
| Fortress | 4 | |
| Great Hall | 3 | |
| Watch Tower | 25 | |
| Beastiary | 8 | |
| Altar of Kings | 1 | |
| Arcane Vault | 1 | |
| Castle | 2 | |
| Scout Tower | 19 | |
| Guard Tower | 15 | |
99 total
» build order
00:05 Orc Burrow
00:11 Orc Burrow
00:58 Altar of Storms
01:03 Barracks
01:45 Voodoo Lounge
02:17 Orc Burrow
03:40 Stronghold
03:40 Stronghold
04:07 Orc Burrow
05:44 War Mill
07:31 Fortress
07:31 Fortress
08:57 Great Hall
08:59 Watch Tower
08:59 Watch Tower
09:05 Watch Tower
09:09 Watch Tower
09:12 Watch Tower
09:30 Watch Tower
10:31 Beastiary
10:33 Beastiary
10:38 Watch Tower
12:21 Beastiary
13:02 Beastiary
13:17 Watch Tower
13:23 Beastiary
13:44 Watch Tower
15:02 Altar of Kings
15:07 Arcane Vault
15:12 Stronghold
15:12 Stronghold
15:14 Watch Tower
15:16 Watch Tower
15:20 Watch Tower
15:22 Watch Tower
15:25 Watch Tower
16:05 Castle
16:05 Castle
16:39 Orc Burrow
16:47 Scout Tower
16:48 Scout Tower
16:49 Scout Tower
16:50 Scout Tower
16:52 Scout Tower
16:53 Scout Tower
16:54 Scout Tower
16:55 Scout Tower
16:56 Scout Tower
16:58 Scout Tower
17:00 Scout Tower
17:02 Scout Tower
17:05 Scout Tower
17:07 Scout Tower
17:37 Altar of Storms
17:49 Guard Tower
17:49 Guard Tower
17:55 Guard Tower
17:56 Scout Tower
17:57 Guard Tower
17:58 Guard Tower
18:04 Scout Tower
18:05 Scout Tower
18:06 Scout Tower
18:07 Scout Tower
18:15 Guard Tower
18:16 Guard Tower
18:31 Guard Tower
18:31 Guard Tower
18:42 Guard Tower
18:42 Guard Tower
18:56 Fortress
18:57 Fortress
19:07 Guard Tower
19:08 Guard Tower
19:09 Guard Tower
19:09 Guard Tower
19:48 Orc Burrow
19:51 Orc Burrow
21:04 War Mill
24:47 Great Hall
24:49 Watch Tower
24:50 Watch Tower
24:51 Watch Tower
24:53 Watch Tower
26:01 Orc Burrow
26:16 Watch Tower
26:20 Watch Tower
26:27 Voodoo Lounge
34:45 Great Hall
34:47 Watch Tower
34:48 Watch Tower
34:49 Watch Tower
34:51 Watch Tower
34:52 Watch Tower
36:03 Orc Burrow
36:55 Beastiary
37:22 Stronghold
37:32 Beastiary
38:48 Beastiary
» items
| Healing Salve | 4 | |
| Lesser Clarity Potion | 8 | |
| Boots of Speed | 1 | |
| Orb of Lightning | 2 | |
| Scroll of Town Portal | 2 | |
| Orb of Corruption | 1 | |
| Tiny Great Hall | 2 | |
| Potion of Mana | 2 | |
22 total

»
New-B (
teal | 32 APM | 1385 actions | 43:54)
1 Dreadlord
1 Vampiric Aura
1 Lich
1 Frost Armor
1 Paladin
1 Divine Shield
» actions
| Assign group hotkey | 19 | |
| Basic commands | 14 | |
| Build / train | 112 | |
| ESC pressed | 5 | |
| Enter build submenu | 28 | |
| Enter hero's abilities submenu | 3 | |
| Remove unit from queue | 1 | |
| Right click | 683 | |
| Select / deselect | 400 | |
| Select group hotkey | 35 | |
| Use ability | 85 | |
1385 total
» units
| Acolyte | 10 | |
| Ghoul | 23 | |
| Crypt Fiend | 3 | |
| Obsidian Statue | 1 | |
| Spell Breaker | 2 | |
| Meatwagon | 3 | |
| Peasant | 12 | |
| Necromancer | 3 | |
| Priest | 1 | |
58 total
» upgrades
| Web | 2 | |
| Creature Attack | 3 | |
| Creature Carapace | 3 | |
| Freezing Breath | 1 | |
| Armor | 1 | |
| Magic Sentry | 1 | |
| Unholy Strength | 1 | |
| Unholy Armor | 1 | |
| Necromancer Training | 2 | |
| Banshee Training | 2 | |
| Skeletal Longevity | 1 | |
| Exhume Corpses | 2 | |
| Skeletal Mastery | 1 | |
| Priest Training | 2 | |
| Sorceress Training | 2 | |
25 total
» buildings
| Crypt | 2 | |
| Altar of Darkness | 2 | |
| Ziggurat | 7 | |
| Tomb of Relics | 1 | |
| Nerubian Tower | 2 | |
| Graveyard | 1 | |
| Spirit Tower | 12 | |
| Necropolis | 3 | |
| Sacrificial Pit | 1 | |
| Boneyard | 1 | |
| Guard Tower | 3 | |
| Halls of the Dead | 1 | |
| Arcane Sanctum | 1 | |
| Black Citadel | 2 | |
| Slaughterhouse | 2 | |
| Temple of the Damned | 2 | |
| Town Hall | 1 | |
44 total
» build order
00:30 Crypt
00:35 Altar of Darkness
00:38 Ziggurat
00:58 Crypt
01:15 Tomb of Relics
02:07 Ziggurat
02:24 Ziggurat
04:20 Nerubian Tower
04:32 Graveyard
05:23 Nerubian Tower
08:01 Spirit Tower
08:02 Spirit Tower
08:02 Spirit Tower
08:02 Spirit Tower
08:50 Altar of Darkness
09:23 Necropolis
10:15 Spirit Tower
12:01 Necropolis
13:21 Sacrificial Pit
13:35 Spirit Tower
13:37 Spirit Tower
14:12 Necropolis
14:34 Boneyard
15:22 Ziggurat
15:24 Ziggurat
15:30 Ziggurat
16:37 Spirit Tower
16:37 Spirit Tower
16:39 Spirit Tower
16:39 Spirit Tower
17:39 Guard Tower
17:43 Guard Tower
17:45 Halls of the Dead
17:53 Ziggurat
18:25 Guard Tower
19:01 Arcane Sanctum
20:06 Black Citadel
20:07 Black Citadel
20:13 Slaughterhouse
20:20 Slaughterhouse
20:24 Temple of the Damned
21:42 Temple of the Damned
24:44 Town Hall
25:58 Spirit Tower
» items
Chat log
(00:18 / Allies) New-B: gohuls and dl rush
(00:28 / Allies) New-B: 100gold?
(04:40 / Allies) lordfire99: b
(05:04 / Allies) New-B: go guys ruhs
(05:05 / Allies) New-B: or gg
(05:09 / Allies) powPowPOW: cc
(05:15 / Allies) New-B: lol is rush
(05:17 / Allies) New-B: retard
(05:18 / Allies) powPowPOW: no
(05:20 / Allies) powPowPOW: it's not
(05:21 / Allies) lordfire99: up tower
(05:35 / Allies) New-B: gg for me
(05:39 / Allies) Cheddar-Ruffles: gg
(05:40 / Allies) powPowPOW: you suck clown
(05:42 / Allies) New-B: you guys not help in rush is retards?
(05:49 / Allies) powPowPOW: I don't know are they?
(06:01 / Allies) powPowPOW: I don't think so personally
(06:03 / Allies) New-B: gold for buy accolyts
(06:11 / Allies) New-B: red is map hacker to bnet
(06:22 / Allies) New-B: GOD TO BUYACCOLYT
(06:27 / Allies) powPowPOW: no
(07:48 / Allies) powPowPOW: look at this noob
(07:51 / Allies) powPowPOW: 0 units, 0 anything
(08:06 / All) New-B: noob allys SAHSAHSHAHS
(08:11 / All) New-B: isrush, and not rushing
(08:12 / All) powPowPOW: you're an oob ally
(08:14 / All) New-B: all noobs
(08:22 / All) New-B: pink is full retard
(08:28 / All) powPowPOW: I raped you last game
(08:32 / All) powPowPOW: and you suck this one too
(08:33 / All) powPowPOW: big time
(09:34 / Allies) New-B: red is feed to blue
(09:37 / Allies) New-B: blue get mass frost
(09:42 / Allies) New-B: need win in rush
(09:47 / Allies) New-B: or loser in cc retards
(10:09 / Allies) New-B: cool in potm
(10:10 / Allies) New-B: noob
(11:06 / Allies) New-B: gg noobs allys
(11:23 / Allies) powPowPOW: insulting yourself this game too?
(11:25 / All) New-B: militia
(11:30 / Allies) powPowPOW: raped you with caster rifle last game like it was nothing
(12:40 / All) MARTIAL-LAW69: uh oh
(12:43 / All) MARTIAL-LAW69: nap time
(13:01 / Allies) New-B: i control orange
(15:27 / Allies) New-B: gold to ornage
(15:38 / Allies) powPowPOW: I have 98 gold son
(15:42 / Allies) powPowPOW: and I'm not giving it to you
(16:24 / Allies) powPowPOW: wow you suck cock at controlling leavers
(16:31 / Allies) powPowPOW: no wonder it was so easy to rape you last game when you tower rushed
(17:14 / Allies) New-B: orange is noob
(17:20 / Allies) New-B: not techingin units for 3/3
(17:22 / Allies) New-B: is retard
(17:25 / Allies) powPowPOW: talking to yourself?
(19:02 / All) peondadon: eqally
(21:46 / Allies) New-B: gold me
(21:47 / Allies) New-B: teal
(21:48 / Allies) New-B: fast
(21:50 / Allies) powPowPOW: no
(21:54 / Allies) powPowPOW: you suck
(22:06 / Allies) New-B: iget necros
(22:07 / Allies) New-B: fast
(25:15 / All) MARTIAL-LAW69: let's get 'em, friend
(25:33 / Allies) powPowPOW: necrowagon great idea
(25:35 / Allies) powPowPOW: lol
(26:42 / Allies) powPowPOW: you are an amazing player
(27:54 / All) New-B: im control pink
(27:57 / All) New-B: lol retard
(28:00 / All) powPowPOW: no you aren't
(28:21 / All) New-B: pink suicide green units
(28:21 / All) powPowPOW: Better off without you honestly, you suck
(28:22 / All) New-B: retard
(28:30 / All) MARTIAL-LAW69: You got raped, fair and square kiddo
(28:30 / All) powPowPOW: You're just a nuisance
(28:36 / All) powPowPOW: moron with unwarranted self-importance
(28:44 / All) powPowPOW: Train more son
(30:15 / All) powPowPOW: GOOD ZEPP PLAY
(31:12 / Allies) powPowPOW: leave
(31:16 / Allies) powPowPOW: you suck
(32:03 / Allies) powPowPOW: You suck
(32:05 / Allies) powPowPOW: leave faggot
(32:07 / All) New-B: really send win for pink ? or purple?
(32:11 / All) powPowPOW: Out of my game shitpaste
(33:49 / Allies) powPowPOW: out
(33:50 / Allies) powPowPOW: leave
(34:08 / Allies) New-B: no i need loser ^^
(34:34 / All) powPowPOW: Teal says he needs to be looser
(34:36 / All) powPowPOW: SO HE AINT LEAVIN
(34:49 / All) New-B: no thx
(34:51 / All) New-B: ineed loser
(34:54 / All) MARTIAL-LAW69: Teal learned Engrish out the back of his dad's el camino
(34:55 / All) New-B: go to final game
(34:56 / All) powPowPOW: Teal is looser
(35:01 / All) MARTIAL-LAW69: Fuckin' beaner
(41:51 / All) New-B: i have all time for world
(41:54 / All) New-B: ^^
(41:58 / All) powPowPOW: from teal?
(42:01 / All) New-B: i like nobs, trolls = yours
(42:04 / All) MARTIAL-LAW69: Same with us, REPO MAN GOT ALL NIGHT EVERY NIGHT!
(42:33 / All) New-B: go all night
(42:37 / All) New-B: im searching in other pc
(42:40 / All) New-B: :*
(42:44 / All) New-B: i play serius
(42:46 / All) powPowPOW: from?
(42:47 / All) powPowPOW: lol
(42:48 / All) New-B: Serious
(42:54 / All) MARTIAL-LAW69: I guess teal really wants this win
(43:17 / All) MARTIAL-LAW69: This noob is 18 games in the hole, so I guess I don't mind letting him win
(43:46 / All) New-B: This is fake aka for treining
(43:47 / All) MARTIAL-LAW69: It's your lucky day teal, we want red 8-1 so you got a lucky win